 Dungeon Crawl Stone Soup version 0.31-a0-506-g3d79149578 (webtiles) character file.

Game seed: 4584221879211206381

1937 GordonOverkill the Thaumaturge (level 9, -10/61 HPs)
             Began as an Octopode Delver on Aug 9, 2023.
             Was an Initiate of Vehumet.
             Mangled by a gargoyle
             ... wielding a +1 mace of holy wrath
              (13 damage)
             ... in a bailey.
             The game lasted 00:16:15 (4290 turns).

GordonOverkill the Thaumaturge (Octopode Delver)    Turns: 4290, Time: 00:16:16

Health: -10/61     AC:  1    Str: 11    XL:     9   Next: 18%
Magic:  21/21      EV: 13    Int: 17    God:    Vehumet [......]
Gold:   231        SH:  5    Dex: 13    Spells: 24/24 levels left

rFire   . . .        p - +1 short sword (speed)
rCold   . . .        (no shield)
rNeg    . . .        (helmet restricted)
rPois   .            j - amulet of reflection
rElec   .            (no ring)
rCorr   .            (no ring)
SInv    .            (no ring)
Will    .....        (no ring)
Stlth   ++++         (no ring)
HPRegen 0.30/turn    (no ring)
MPRegen 0.17/turn    (no ring)
                     (no ring)

%: reflection
@: attractive
A: almost no armour, amphibious, 8 rings, camouflage 1, gelatinous body 1,
(nimble swimmer 1), tentacles
a: Renounce Religion


You were in a bailey.
You worshipped Vehumet.
Vehumet was noncommittal.
You visited 3 branches of the dungeon, and saw 10 of its levels.
You also visited: Bailey.

You collected 231 gold pieces.

Inventory:

Hand Weapons
 h - a +0 spear
 p - a +1 short sword of speed (weapon)
Missiles
 o - 10 poisoned darts (quivered)
Jewellery
 j - an amulet of reflection (around mantle)
Wands
 f - a wand of digging (3)
Scrolls
 b - a scroll of fog
 d - 4 scrolls of fear
 g - a scroll of amnesia {unknown}
 k - 4 scrolls of identify {unknown}
 l - a scroll of vulnerability {unknown}
 m - a scroll of enchant weapon {unknown}
Potions
 i - a potion of berserk rage {unknown}


   Skills:
 - Level 5.0 Fighting
 - Level 4.0 Short Blades
 - Level 2.0 Dodging
 - Level 7.0 Stealth
 - Level 8.0 Spellcasting
 + Level 2.0 Conjurations
 - Level 5.0 Evocations


You had 24 spell levels left.
You didn't know any spells.
Your spell library contained the following spells:

 Spells                   Type           Power      Damage    Failure   Level
 Summon Small Mammal      Summ           24%        N/A       11%         1
 Ensorcelled Hibernation  Hex/Ice        12%        N/A       16%         2
 Lesser Beckoning         Tloc           12%        N/A       16%         2
 Passwall                 Tmut/Erth      5%         N/A       16%         2
 Call Canine Familiar     Summ           6%         N/A       30%         3
 Gell's Gravitas          Tloc           6%         N/A       30%         3
 Summon Guardian Golem    Hex/Summ       6%         N/A       30%         3
 Swiftness                Air            6%         N/A       30%         3
 Teleport Other           Tloc           6%         N/A       30%         3


Dungeon Overview and Level Annotations

Branches:
Dungeon (11/15)            Temple (1/1) D:7            Lair (0/5) D:10
    Orc (1/2) D:10         Bailey (1/1)

Altars:
Ashenzari
Cheibriados
Dithmenos
Elyvilon
Gozag
Hepliaklqana
Makhleb
Nemelex Xobeh
Okawaru
Ru
Trog
Vehumet
Wu Jian
Yredelemnul
Zin

Shops:
D:5 (


Innate Abilities, Weirdness & Mutations

You cannot wear most types of armour.
You are amphibious.
You can wear up to eight rings at the same time.
Your skin changes colour to match your surroundings (Stealth+).
Your rubbery body absorbs attacks. (AC +1, EV +1)
((You are camouflaged when in or above water. (Stealth+)))
You have tentacles for arms and can constrict up to eight enemies at once.


Message History

* * * LOW HITPOINT WARNING * * *
You block the orc warrior zombie's attack.
Aiming: Corrosive Bolt
Press: ? - help, Shift-Dir - straight line, f/p - gargoyle
Aim: a gargoyle, wielding a +1 mace of holy wrath (moderately damaged, covered in acid, 88% to hit)
The bolt of acid misses the gargoyle.
You block the gargoyle's attack.
The orc warrior zombie hits you but does no damage.
Aiming: Corrosive Bolt
Press: ? - help, Shift-Dir - straight line, f/p - gargoyle
Aim: a gargoyle, wielding a +1 mace of holy wrath (moderately damaged, covered in acid, 88% to hit)
The bolt of acid hits the gargoyle!
The gargoyle seems to be corroded for longer.
The gargoyle is almost destroyed.
The now-empty wand crumbles to dust.
The gargoyle hurls a stone arrow at you.
The stone arrow misses you.
The orc warrior zombie barely misses you.
Your tentacles tingle!
p - a +1 short sword of speed (weapon)
The gargoyle hits you with a +1 mace of holy wrath.
* * * LOW HITPOINT WARNING * * *
You barely miss the gargoyle. You grab the gargoyle.
You squeeze the gargoyle, but do no damage.
The gargoyle is almost destroyed.
You constrict the gargoyle.
The orc warrior zombie completely misses you.
You hit the gargoyle but do no damage.
The gargoyle is almost destroyed.
You constrict the gargoyle.
The gargoyle hurls a stone arrow at you.
The stone arrow hits you!!
* * * LOW HITPOINT WARNING * * *
You hit the gargoyle.
The gargoyle is almost destroyed.
You constrict the gargoyle, but do no damage.
It was a potion of attraction.
You feel attractive to monsters.
You constrict the gargoyle, but do no damage.
The gargoyle hits you with a +1 mace of holy wrath!
You die...

≈.)..'...)..#....# ..
≈)#..#......#....#...
≈.#..#......######...
≈.#.)#.............#
≈)#..#..♣♣♣.......#
≈)#..#..♣.........#
≈.#..'......♣....##
≈.####........♣♣..##
#######....♣....@.Z##
..............♣.9...#
....................#
#######.........♣♣..#
≈# ..............# ≈#
....#+##.......# ≈#
.....# #####...# ≈#
####### #### ≈♣


You could see a gargoyle (corroded) and an orc warrior zombie (corroded).

Vanquished Creatures
  A two-headed ogre (D:8)
  Psyche (D:9)
  A warg (Orc:1)
  A sky beast (D:7)
  An orc warrior (D:6)
  A centaur (D:6)
  A kobold brigand (D:9)
  A bullfrog (D:8)
  A scorpion (D:5)
  5 wolf zombies (Bailey)
  A lava snake (D:8)
  A hound (D:5)
  A gnoll bouda (D:8)
  An orc priest (D:7)
  An iguana (D:5)
  A sleepcap (D:8)
  3 gnolls (D:8)
  2 adders (D:5)
  A shadow imp (D:5)
  A white imp (D:5)
  2 worms (D:4)
  8 orcs
  A giant cockroach (D:4)
  A goblin (D:4)
  4 kobolds
  11 orc zombies (Bailey)
54 creatures vanquished.

Vanquished Creatures (others)
  A kobold (D:9)
1 creature vanquished.

Grand Total: 55 creatures vanquished

Notes
Turn   | Place    | Note
-------+----------+-------------------------------------------
     0 | D:5      | GordonOverkill the Octopode Delver began the quest for the
                  | Orb.
     0 | D:5      | Reached XP level 1. HP: 16/16 MP: 1/1
   145 | D:6      | Noticed a centaur
   155 | D:6      | Killed a centaur
   156 | D:6      | Reached XP level 2. HP: 16/21 MP: 2/2
   156 | D:6      | Reached XP level 3. HP: 20/26 MP: 3/3
   156 | D:6      | Reached XP level 4. HP: 24/31 MP: 4/4
   175 | D:6      | Noticed an orc warrior
   232 | D:5      | Noticed a phantom
   403 | D:5      | Reached skill level 5 in Evocations
   403 | D:5      | Reached XP level 5. HP: 36/36 MP: 5/5
   472 | D:5      | Found a glowing silver altar of Zin.
   472 | D:5      | Noticed an angel
   575 | D:5      | Reached skill level 2 in Spellcasting
   623 | D:5      | Found Jeteko's Weapon Shoppe.
  1056 | D:5      | Found a burning altar of Makhleb.
  1056 | D:5      | Noticed a blizzard demon
  1112 | D:5      | Reached XP level 6. HP: 26/42 MP: 8/10
  1184 | D:6      | Killed an orc warrior
  1185 | D:6      | Reached skill level 3 in Spellcasting
  1215 | D:7      | Reached skill level 4 in Spellcasting
  1239 | D:7      | Found a broken altar of Ashenzari.
  1353 | D:7      | Found a staircase to the Ecumenical Temple.
  1362 | Temple   | Entered the Ecumenical Temple
  1384 | Temple   | Became a worshipper of Vehumet
  1457 | D:7      | Noticed a sky beast
  1459 | D:7      | Killed a sky beast
  1460 | D:7      | Reached XP level 7. HP: 46/46 MP: 12/14
  1539 | D:8      | Reached skill level 5 in Spellcasting
  1908 | D:8      | Noticed a two-headed ogre
  1926 | D:8      | Killed a two-headed ogre
  1927 | D:8      | Reached skill level 5 in Fighting
  1927 | D:8      | Reached XP level 8. HP: 55/55 MP: 14/16
  1989 | D:8      | Reached skill level 6 in Spellcasting
  2268 | D:10     | Entered Level 10 of the Dungeon
  2268 | D:10     | Noticed a yak
  2272 | D:10     | Found a staircase to the Lair.
  2285 | D:11     | Noticed a boulder beetle
  2294 | D:10     | Found a staircase to the Orcish Mines.
  2310 | Orc:1    | Entered Level 1 of the Orcish Mines
  2401 | D:10     | Found a snail-covered altar of Cheibriados.
  2408 | D:10     | Noticed a gargoyle
  2464 | D:9      | Found a hazy altar of Hepliaklqana.
  2500 | D:10     | Noticed Psyche
  2500 | D:10     | Noticed a yak
  2500 | D:10     | Noticed a yak
  2509 | D:9      | Killed Psyche
  2510 | D:9      | Reached skill level 7 in Spellcasting
  2510 | D:9      | Reached XP level 9. HP: 55/61 MP: 18/20
  2657 | D:9      | Found a flagged portal.
  2664 | Bailey   | Entered a bailey
  3253 | Bailey   | Reached skill level 8 in Spellcasting
  3263 | Bailey   | Reached skill level 1 in Conjurations
  4274 | Bailey   | Noticed a gargoyle
  4288 | Bailey   | HP: 3/61 [gargoyle/stone arrow (26)]
  4290 | Bailey   | Mangled by a gargoyle

Illustrated notes

Levels and vault maps discovered:
D:4:      layout_basic, kennysheep_small_spiral
D:5:      layout_basic, makhleb_altar_promises_db, zin_angel, serial_shops,
          nicolae_shop_real_fake_doors
D:6:      kennysheep_spiral_hall, layout_cave_pools, pf_just_have_faith,
          nicolae_benzene_ring
D:7:      layout_cave_pools, mainiacjoe_overflow_24_doors,
          lemuel_temple_firewalk_a
D:8:      layout_loops_cross, serial_aquarium, aquarium_bridge_square
          [aquarium_subvault_bridge, aquarium_subvault_balcony,
          aquarium_subvault_bridge, aquarium_subvault_balcony],
          aquarium_window_3, aquarium_window_1, aquarium_view_2c,
          aquarium_view_2d, kennysheep_cluttered_room,
          hangedman_decor_peaks_small, nicolae_beast_mode, uniq_pikel
D:9:      layout_loops_cross, mainiacjoe_overflow_alcove_3,
          mainiacjoe_overflow_large_starburst, enter_bailey_2
D:10:     cheibrodos_fzero, layout_cave_pools, mainiacjoe_overflow_chevrons,
          lemuel_doored_altar, orc_0_dummy, uniq_psyche
D:11:     minmay_spotlight, layout_irregular_city, sword_in_stone, uniq_lodul
Temple:   chequers_temple_sunken
Orc:1:    layout_diamond_mine, serial_shops, shop, bh_open_orc_temple,
          uniq_josephine
Bailey:   bailey_polearm_vampire_castle_hellmonk, bailey

Skill      XL: |  1  2  3  4  5  6  7  8  9 |
---------------+----------------------------+-----
Evocations     | 4 5 |  5.0
Spellcasting   | 2 4 5 7 8 |  8.0
Fighting       | 5 |  5.0
Short Blades   | 4 |  4.0
Stealth        | 7 |  7.0
Conjurations   | 2 |  2.0
Dodging        | |  2.0

Action                     |  1- 3 |  4- 6 |  7- 9 || total
---------------------------+-------+-------+-------++-------
  Melee: Short sword       |     8 |    43 |    17 ||    68
         Tentacles         |     1 |    10 |    15 ||    26
         Constrict         |       |    11 |     9 ||    20
         Dagger            |       |       |    33 ||    33
         Punch             |       |       |     2 ||     2
         Spear             |       |       |   206 ||   206
  Throw: Dart              |       |       |     6 ||     6
  Evoke: Wand              |       |     5 |    12 ||    17
    Use: Potion            |     1 |     1 |     3 ||     5
   Stab: Sleeping          |     1 |    10 |     7 ||    18
         Distracted        |       |       |     1 ||     1
 Armour: Skin              |     2 |     1 |     3 ||     6
  Dodge: Dodged            |     7 |    12 |    62 ||    81
  Block: Other             |       |     6 |    28 ||    34
         Reflection        |       |       |     2 ||     2

Table legend: (Time is in decaauts)
 A = Elapsed time spent in this place.
 B = Non-inter-level travel time spent in this place.
 C = Inter-level travel time spent in this place.
 D = Time resting spent in this place.
 E = Time spent auto-exploring this place.
 F = Levels seen in this place.
 G = Mean time per level.
                   A        B        C        D        E       F      G
               +--------+--------+--------+--------+--------+-----+--------+
         Total |   4252 |   4139 |    113 |   1341 |    174 |  11 |  386.5 |
       Dungeon |   2481 |   2410 |     71 |    499 |    174 |   8 |  310.1 |
        Temple |     44 |      2 |     42 |      0 |      0 |   1 |   44.0 |
  Orcish Mines |     83 |     83 |      0 |     18 |      0 |   1 |   83.0 |
        Bailey |   1643 |   1643 |      0 |    824 |      0 |   1 | 1643.0 |
               +--------+--------+--------+--------+--------+-----+--------+

Top non-repeatable levels by time:
  Bailey: 1643 daAuts
     D:5: 749 daAuts
     D:8: 482 daAuts
     D:7: 410 daAuts
     D:9: 338 daAuts
     D:4: 282 daAuts
     D:6: 147 daAuts
   Orc:1: 83 daAuts
    D:10: 69 daAuts
  Temple: 44 daAuts
    D:11: 1 daAuts
